 Dungeon Crawl Stone Soup version 0.17.1-3-g152610e (webtiles) character file.

390 MTVSty1e the Shield-Bearer (level 6, -13/53 HPs)
             Began as a Hill Orc Fighter on Apr 24, 2016.
             Mangled by a large abomination (29 damage)
             ... on level 1 of the Abyss.
             The game lasted 00:15:48 (3312 turns).

MTVSty1e the Shield-Bearer (Hill Orc Fighter)       Turns: 3312, Time: 00:15:49

Health: -13/53     AC: 16    Str: 26      XL:     6   Next: 80%
Magic:  6/6        EV:  5    Int:  8      God:
Gold:   197        SH: 10    Dex:  7 (10) Spells: 0 memorised, 5 levels left

rFire  . . .     SeeInvis .     a - +0 long sword
rCold  + . .     Clarity  .     x - +0 plate armour
rNeg   . . .     SustAt   .     c - +0 shield
rPois  +         Gourm    .     u - +0 helmet
rElec  .         Spirit   .     r - +2 cloak
rCorr  .         Warding  .     (no gloves)
rMut   .         Stasis   .     (no boots)
MR     .....                    (no amulet)
Stlth  ..........               t - ring of poison resistance
                                m - ring of protection from cold

@: mighty, drained, not resistant to hostile enchantments, extremely unstealthy
A: no striking features
a: no special abilities


You were on level 1 of the Abyss.
You were not hungry.

You visited 1 branch of the dungeon, and saw 4 of its levels.
You visited the Abyss 1 time.

You collected 197 gold pieces.

Inventory:

Hand Weapons
 a - a +0 long sword (weapon)
 o - a cursed -1 short sword
Missiles
 k - 5 silver javelins (quivered)
Armour
 b - a +0 scale mail
 c - a +0 shield (worn)
 r - a +2 cloak (worn)
 u - a +0 helmet (worn)
 x - a +0 plate armour (worn)
Jewellery
 m - a ring of protection from cold (left hand)
 t - a ring of poison resistance (right hand)
Wands
 q - a wand of slowing (17)
 s - a wand of draining (10)
 v - a wand of paralysis (13)
Scrolls
 d - 3 scrolls of enchant armour {unknown}
 i - 4 scrolls of identify {unknown}
 l - 2 scrolls of noise {unknown}
 p - 2 scrolls of recharging {unknown}
 w - a scroll of remove curse {unknown}
Potions
 f - a potion of berserk rage {unknown}
 j - a potion of brilliance
 n - a potion of degeneration
Comestibles
 e - 3 bread rations
 h - 5 meat rations


   Skills:
 + Level 4.7(4.4) Fighting
 + Level 3.6(3.4) Long Blades
 + Level 4.7(4.4) Armour
 + Level 2.2(2.0) Dodging
 + Level 5.1(4.8) Shields


You had 5 spell levels left.
You didn't know any spells.

Dungeon Overview and Level Annotations

Branches:
Dungeon (4/15)
 Temple: D:4-7

Altars:
Cheibriados
Xom

Shops:
D:4 !


Message History

You hit the large abomination but do no damage.
The large abomination is lightly damaged.
You block the large abomination's attack.
You hit the large abomination but do no damage.
The large abomination is lightly damaged.
The large abomination hits you!
You barely miss the large abomination.
The large abomination is lightly damaged.
The large abomination hits you but does no damage.
Eat which item? (? for menu, Esc to quit)
Okay, then.
Drink which item? (? for menu, Esc to quit)
You feel very mighty all of a sudden. The large abomination hits you!
You slash the large abomination!
The large abomination is heavily damaged.
The large abomination hits you but does no damage.
The large abomination hits you!!
Ouch! That really hurt!
You die...

#. ##.. .. .. .
. ... . #.. .
..... ##
.##..##.#
##..##..##..
#..... ....
.#...... ...
#######.##
.##..## #
#..@X#..##..##..
# . #.###Z###..
...... # #
#............
...#
#.##X.##..##.. #
# ##
#####.#########
. .. . ...... .
.......## # ###
## #


You could see a large abomination and an alligator skeleton.

Vanquished Creatures
  An ogre (D:3)
  An orc priest (D:3)
  Terence (D:2)
  Natasha (twice) (D:3)
  A worker ant (D:4)
  7 adders
  5 gnolls
  An ooze (D:4)
  2 worms
  2 giant geckos (D:1)
  7 orcs (D:3)
  5 bats
  7 hobgoblins
  4 jackals
  6 kobolds
  2 quokkas (D:2)
  6 giant cockroaches
  4 giant newts
  15 goblins
  2 quokka skeletons (D:4)
  7 rats
88 creatures vanquished.

Notes
Turn   | Place    | Note
--------------------------------------------------------------
     0 | D:1      | MTVSty1e the Hill Orc Fighter began the quest for the Orb.
     0 | D:1      | Reached XP level 1. HP: 19/19 MP: 1/1
   111 | D:1      | Reached XP level 2. HP: 25/27 MP: 2/2
   648 | D:1      | Reached XP level 3. HP: 33/33 MP: 3/3
   749 | D:2      | Reached skill level 4 in Fighting
   938 | D:2      | Reached XP level 4. HP: 36/40 MP: 4/4
   960 | D:2      | Reached skill level 1 in Dodging
   969 | D:2      | Noticed Terence
   985 | D:2      | Killed Terence
  1295 | D:2      | Reached XP level 5. HP: 39/46 MP: 5/5
  1632 | D:3      | Noticed Natasha
  1641 | D:3      | Killed Natasha
  1877 | D:3      | Noticed Natasha
  1885 | D:3      | Killed Natasha
  2111 | D:3      | Reached XP level 6. HP: 42/53 MP: 6/6
  2354 | D:3      | Noticed an ogre
  2365 | D:3      | Killed an ogre
  2935 | D:3      | You fall through a shaft!
  2935 | D:4      | Found Neqo's Distillery.
  2975 | D:4      | Reached skill level 5 in Shields
  3042 | D:4      | Found a snail-covered altar of Cheibriados.
  3080 | D:4      | Found a shimmering altar of Xom.
  3142 | D:4      | Cast into the Abyss (crimson imp)
  3218 | Abyss:1  | Noticed a spatial vortex
  3225 | Abyss:1  | Noticed a spatial vortex
  3233 | Abyss:1  | Noticed a spatial maelstrom
  3233 | Abyss:1  | Noticed a spatial vortex
  3234 | Abyss:1  | Noticed a spatial vortex
  3238 | Abyss:1  | Noticed a spatial vortex
  3268 | Abyss:1  | Noticed an alligator skeleton
  3278 | Abyss:1  | Noticed a large abomination
  3283 | Abyss:1  | Noticed a large abomination
  3312 | Abyss:1  | Mangled by a large abomination

Action                   |  1- 3 |  4- 6 || total
-------------------------+-------+-------++-------
Melee: Long sword        |    89 |   265 ||   354
Throw: Javelin           |       |     4 ||     4
  Use: Scroll            |     1 |       ||     1
       Potion            |       |     7 ||     7
  Eat: Pizza             |       |     2 ||     2
       Bread ration      |       |     1 ||     1
       Meat ration       |       |     1 ||     1
